 Dungeon Crawl Stone Soup version 0.18.1-47-g9310371 (webtiles) character file.

52 senseless the Charlatan (level 3, -2/31 HPs)
             Began as a Deep Dwarf Artificer on June 23, 2016.
             Slain by a sheep (7 damage)
             ... on level 2 of the Dungeon.
             The game lasted 00:08:02 (1022 turns).

senseless the Charlatan (Deep Dwarf Artificer)      Turns: 1022, Time: 00:08:03

Health: -2/31      AC:  5    Str: 14    XL:     3   Next: 60%
Magic:  6/6        EV: 11    Int: 13    God:
Gold:   42         SH:  0    Dex: 13    Spells: 0 memorised, 2 levels left

rFire  . . .     SeeInvis .     a - +1 short sword
rCold  . . .     Gourm    .     h - +0 ring mail {MR+}
rNeg   . . .     Faith    .     (no shield)
rPois  .         Spirit   .     (no helmet)
rElec  .         Dismiss  .     (no cloak)
rCorr  .         Reflect  .     (no gloves)
SustAt .         Harm     .     (no boots)
MR     +....                    (no amulet)
Stlth  +.........               (no ring)
                                (no ring)

@: non-regenerating, somewhat resistant to hostile enchantments, very unstealthy
A: damage resistance, recharge devices, sense surroundings 1, slow regeneration
3
a: Device Recharging


You were on level 2 of the Dungeon.
You were hungry.

You visited 1 branch of the dungeon, and saw 2 of its levels.

You collected 42 gold pieces.

Inventory:

Hand Weapons
 a - a +1 short sword (weapon)
Missiles
 p - 21 poisoned needles
 q - 20 sling bullets
 r - 31 stones (quivered)
Armour
 b - a +0 leather armour
 h - a +0 ring mail of magic resistance (worn)
Wands
 c - a wand of flame (35/48)
 d - a wand of enslavement (15/24)
 e - a wand of random effects (12/48)
 f - a wand of heal wounds (4/9)
Scrolls
 i - 2 scrolls of noise {unknown}
 n - a scroll of recharging
 o - a scroll of identify {unknown}
Potions
 l - 2 potions of curing {unknown}
 m - a potion of haste {unknown}
Comestibles
 g - a bread ration
 j - a chunk of flesh
 k - a meat ration


   Skills:
 + Level 1.0 Fighting
 + Level 1.1 Short Blades
 + Level 1.2 Armour
 + Level 3.1 Dodging
 + Level 1.2 Stealth
 * Level 4.9 Evocations


You had 2 spell levels left.
You didn't know any spells.

Dungeon Overview and Level Annotations

Branches:
Dungeon (2/15)

Altars:
Nemelex Xobeh


Innate Abilities, Weirdness & Mutations

You are resistant to damage.
You can recharge devices by infusing magical energy.
You passively map a small area around you.
You do not regenerate naturally.


Message History

Press: ? - help, Shift-Dir - straight line, f/p - sheep
Aim: a sheep The sheep flickers and vanishes!
Deactivating autopickup; reactivate with Ctrl-A.
This wand has 12 charges left.
Something bites you but does no damage.
A gnoll comes into view. It is wielding a halberd.
Your ring mail prevents you from hitting something.
Something bites you.
The gnoll hits you from afar with a halberd!
You hit something but do no damage. Something bites you.
You miss something. The gnoll closely misses you.
Something bites you but does no damage.
You miss something.
The gnoll hits you from afar with a halberd!
Something bites you.
* * * LOW HITPOINT WARNING * * *
You closely miss something. The gnoll closely misses you. Something bites you.
* * * LOW HITPOINT WARNING * * *
You hit something. The gnoll misses you. Something bites you!
You die...

* , # # .#
*#. . * .#*
.# , .###. *
* , g(. , *
#{# * * #@#
* ##, *
###)###....
+.._###....
**##,
###.###.###
... #.# *
#..###'###.#
#.........#
####..#####
* #..#


You could see a gnoll.

Vanquished Creatures
  2 gnolls (D:2)
  A dart slug (D:1)
  A ball python (D:2)
  4 bats (D:1)
  A giant cockroach (D:1)
  4 goblins (D:1)
  2 hobgoblins (D:1)
  2 giant newts (D:1)
  11 kobolds (D:1)
  6 rats (D:1)
34 creatures vanquished.

Notes
Turn   | Place    | Note
--------------------------------------------------------------
     0 | D:1      | senseless the Deep Dwarf Artificer began the quest for the Orb.
     0 | D:1      | Reached XP level 1. HP: 16/16 MP: 3/3
   172 | D:1      | Reached XP level 2. HP: 16/24 MP: 5/5
   462 | D:1      | Reached skill level 1 in Short Blades
   726 | D:1      | Reached skill level 1 in Fighting
   806 | D:1      | Reached XP level 3. HP: 29/31 MP: 6/6
   999 | D:2      | Found a sparkling altar of Nemelex Xobeh.
  1014 | D:2      | Reached skill level 1 in Armour
  1022 | D:2      | Slain by a sheep

Skill      XL: |  1  2  3 |
---------------+----------+-----
Short Blades   | 1 |  1.1
Fighting       | 1 |  1.0
Dodging        | 3 |  3.1
Armour         | 1 |  1.2
Stealth        | |  1.2
Evocations     | |  4.9

Action                   || total
-------------------------++-------
Melee: Short sword       ||   120
Throw: Stone             ||     2
Evoke: Wand              ||    12
  Use: Scroll            ||     4
 Stab: Paralysed         ||     1
Armor: Leather armour    ||     4
       Ring mail         ||    33
Dodge: Dodged            ||    76
